 Dungeon Crawl Stone Soup version 0.31.0-12-g77e489cdc1 (webtiles) character file.

Game seed: 9848713991048984500

1337 Gadfly the Insei (level 8, -6/58 HPs)
             Began as a Demonspawn Monk on Feb 13, 2024.
             Was an Initiate of Ru.
             Mangled by a kobold brigand
             ... wielding a +0 rapier of distortion
              (15 damage)
             ... on level 3 of the Dungeon.
             The game lasted 00:09:00 (5257 turns).

Gadfly the Insei (Demonspawn Monk)                  Turns: 5257, Time: 00:09:01

Health: -6/58      AC: 11    Str: 13    XL:     8   Next: 35%
Magic:  8/8        EV: 14    Int: 11    God:    Ru [......]
Gold:   148        SH:  5    Dex: 16    Spells: 1/7 levels left

rFire   . . .        b - +4 flail (protect)
rCold   . . .        c - orb {light}
rNeg    . . .        e - +2 robe {Will+}
rPois   .            (helmet restricted)
rElec   .            (no cloak)
rCorr   .            (no gloves)
SInv    .            (no boots)
Will    ++...        f - amulet of reflection
Stlth   +            l - ring of willpower
HPRegen 0.29/turn    (no ring)
MPRegen 0.11/turn

%: reflection
@: under a protective aura, glowing
A: antennae 2, demonic guardian 2
a: Renounce Religion


You were on level 3 of the Dungeon.
You worshipped Ru.
Ru was noncommittal.
You visited 2 branches of the dungeon, and saw 6 of its levels.

You collected 148 gold pieces.

Inventory:

Hand Weapons
 b - a +4 flail of protection (weapon)
 m - a +2 mace of draining
 s - a +0 scimitar
Armour
 c - an orb of light (worn)
 e - a +2 robe of willpower (worn)
 g - a +2 leather armour of poison resistance
Jewellery
 f - an amulet of reflection (around neck)
 l - a ring of willpower (left hand)
Talismans
 k - the maw talisman of Fun {rElec Str+2}
   (You found it on level 3 of the Dungeon)

   [maw talisman]

   Str+2:     It affects your strength (+2).
   rElec:     It insulates you from electricity.
Wands
 a - a wand of polymorph (1) (quivered)
Scrolls
 d - 3 scrolls of vulnerability
 i - a scroll of poison
 j - 2 scrolls of fog
 n - 2 scrolls of fear
 t - 2 scrolls of enchant weapon
Potions
 h - a potion of attraction {unknown}
 o - a potion of heal wounds {unknown}
 p - 3 potions of curing
 r - 2 potions of might {unknown}


   Skills:
 - Level 3.0 Fighting
 + Level 4.4 Dodging
 * Level 5.6 Unarmed Combat
 * Level 5.2 Evocations
 * Level 4.2 Shapeshifting


You had one spell level left.
You knew the following spells:

 Your Spells              Type           Power      Damage    Failure   Level
a - Swiftness             Air            0%         N/A       71%         3
b - Passwall              Erth           0%         N/A       71%         3

Your spell library contained the following spells:

 Spells                   Type           Power      Damage    Failure   Level
 Kiss of Death            Conj/Necr      0%         2d5       34%         1
 Ensorcelled Hibernation  Hex/Ice        0%         N/A       47%         2
 Confusing Touch          Hex            0%         N/A       71%         3
 Dispel Undead            Necr           0%         3d6       98%         4


Dungeon Overview and Level Annotations

Branches:
Dungeon (5/15)             Temple (1/1) D:5

Altars:
Ashenzari
Cheibriados
Dithmenos
Fedhas
Hepliaklqana
Kikubaaqudgha
Makhleb
Qazlal
Ru
Sif Muna
Trog
Uskayaw
Vehumet
Wu Jian
Xom
Yredelemnul

Annotations:
D:3 Dazliare's ghost, amateur AtCK


Innate Abilities, Weirdness & Mutations

You have a pair of antennae on your head.
A demonic guardian rushes to your aid.


Message History

The kobold brigand hits you but does no damage.
Space warps horribly around you!!
You completely miss the kobold brigand.
The kobold brigand is moderately wounded.
The kobold brigand hits you with a +0 rapier of distortion.
Space warps around you.
You are too injured to fight recklessly!
You are too injured to fight recklessly!
You are too injured to fight recklessly!
You are too injured to fight recklessly!
You are too injured to fight recklessly!
You are too injured to fight recklessly!
You are too injured to fight recklessly!
You are too injured to fight recklessly!
You are too injured to fight recklessly!
You are too injured to fight recklessly!
You are too injured to fight recklessly!
You are too injured to fight recklessly!
You are too injured to fight recklessly!
You are too injured to fight recklessly!
You are too injured to fight recklessly!
You are too injured to fight recklessly!
You barely miss the kobold brigand.
The kobold brigand is moderately wounded.
The kobold brigand barely misses you. x2
You sock the kobold brigand!
The kobold brigand is heavily wounded.
The kobold brigand hits you with a +0 rapier of distortion.
Space warps horribly around you!
* * * LOW HITPOINT WARNING * * *
A demonic guardian appears!
You hit the kobold brigand but do no damage.
The kobold brigand is heavily wounded.
The kobold brigand closely misses you.
You closely miss the kobold brigand.
The kobold brigand is heavily wounded.
The kobold brigand hits you with a +0 rapier of distortion.
* * * LOW HITPOINT WARNING * * *
Space warps horribly around you!
You die...

# # ###############
############### ###############
############### ###############
############### #
#######......##### #
#...........KKK@4# #
##........##'KW##.# #
.........##...KK### #
##.......#..#.#..## #
#.......#8.#.#.8###### #
##.......#KK#.#..#....###########
.........##.....##........)......
#####.....##.)$##...........#####
#....#######)...........#


You could see a kobold brigand (ally target), Dazliare's ghost, 5 kobolds and a
friendly rust devil (summoned).

Vanquished Creatures
  Grinder (D:3)
  Edmund (D:4)
  An orc warrior (D:4)
  An ogre (D:4)
  A phantom (D:5)
  Blork the orc (D:3)
  A scorpion (D:5)
  A howler monkey (D:4)
  An orc priest (D:4)
  2 sleepcaps
  Jessica (D:2)
  3 iguanas (D:5)
  4 orc wizards
  Robin (D:2)
  4 gnolls (D:5)
  7 adders
  2 ribbon worms
  4 dart slugs
  12 orcs
  4 endoplasms
  2 giant cockroaches
  7 hobgoblins (D:2)
  5 jackals
  4 kobolds
  5 quokkas
  6 ball pythons
  8 bats
  A frilled lizard (D:3)
  16 goblins
  12 rats
119 creatures vanquished.

Vanquished Creatures (collateral kills)
  An ogre (D:3)
  A hobgoblin (D:4)
  A ball python (D:4)
3 creatures vanquished.

Grand Total: 122 creatures vanquished

Notes
Turn   | Place    | Note
-------+----------+-------------------------------------------
     0 | D:1      | Gadfly the Demonspawn Monk began the quest for the Orb.
     0 | D:1      | Reached XP level 1. HP: 18/18 MP: 1/1
    86 | D:1      | Found a faded altar of an unknown god.
   221 | D:1      | Gained mutation: You have a pair of small antennae on your
                  | head. [demonic ancestry]
   221 | D:1      | Reached XP level 2. HP: 24/24 MP: 2/2
   615 | D:2      | Noticed Jessica
   635 | D:2      | Killed Jessica
   636 | D:2      | Reached skill level 1 in Evocations
   636 | D:2      | Reached skill level 1 in Shapeshifting
   636 | D:2      | Reached XP level 3. HP: 19/29 MP: 3/3
  1011 | D:2      | Noticed Robin
  1037 | D:2      | Gained mutation: You have a pair of antennae on your head.
                  | [demonic ancestry]
  1037 | D:2      | Reached XP level 4. HP: 26/35 MP: 4/4
  1075 | D:2      | HP: 1/35 [goblin/sling bullet (3)]
  1247 | D:2      | Killed Robin
  1626 | D:3      | Noticed Grinder
  1751 | D:3      | Paralysed by Grinder for 3 turns
  1766 | D:3      | Killed Grinder
  1767 | D:3      | Reached XP level 5. HP: 25/41 MP: 5/5
  1767 | D:3      | Gained mutation: A weak demonic guardian rushes to your
                  | aid. [demonic ancestry]
  1767 | D:3      | Reached XP level 6. HP: 29/47 MP: 6/6
  1880 | D:3      | Identified the maw talisman of Fun {rElec Str+2}
  2055 | D:3      | Learned a level 3 spell: Swiftness
  2063 | D:3      | Found a runed translucent gate.
  2063 | D:3      | Found a runed translucent gate.
  2064 | D:3      | Noticed Dazliare's ghost (amateur AtCK)
  2066 | D:3      | Found a runed translucent gate.
  2651 | D:4      | Noticed Blork the orc
  2792 | D:3      | Killed Blork the orc
  2793 | D:3      | Reached XP level 7. HP: 12/52 MP: 7/7
  3084 | D:4      | Learned a level 3 spell: Passwall
  3509 | D:4      | Reached skill level 5 in Unarmed Combat
  3815 | D:4      | Found a sacrificial altar of Ru.
  3815 | D:4      | Found a shimmering altar of Xom.
  3823 | D:4      | Found a faded altar of an unknown god.
  3825 | D:4      | Found a faded altar of an unknown god.
  3840 | D:4      | Became a worshipper of Ru the Awakened
  3967 | D:4      | Noticed Edmund
  3985 | D:4      | Killed Edmund
  4278 | D:5      | Entered Level 5 of the Dungeon
  4333 | D:5      | Gained mutation: A demonic guardian rushes to your aid.
                  | [demonic ancestry]
  4333 | D:5      | Reached XP level 8. HP: 58/58 MP: 8/8
  4460 | D:5      | Reached skill level 5 in Evocations
  4757 | D:5      | Found a hazy altar of Hepliaklqana.
  5150 | D:5      | Found a staircase to the Ecumenical Temple.
  5167 | Temple   | Entered the Ecumenical Temple
  5257 | D:3      | Mangled by a kobold brigand

Illustrated notes

Levels and vault maps discovered:
D:1:      scummos_arrival_star, layout_rooms,
          hellmonk_ecumenical_altar_arch_garden, minivault_5,
          hangedman_glass_teeth
D:2:      layout_rooms, uniq_robin, uniq_jessica
D:3:      layout_basic, gammafunk_ghost_nasty_kobolds, uniq_grinder
D:4:      layout_rooms, chequers_temple_overflow_minitemple, minmay_small_thing,
          uniq_blork_the_orc, uniq_edmund
D:5:      layout_loops_ring, nicolae_hepliaklqana_hazy_memory,
          minmay_temple_entry_nine_rooms
Temple:   hellmonk_temple_of_storms

Skill      XL: |  1  2  3  4  5  6  7  8 |
---------------+-------------------------+-----
Unarmed Combat | 3 4 5 |  5.6
Evocations     | 1 3 4 5 |  5.2
Shapeshifting  | 1 2 3 4 |  4.2
Dodging        | 3 4 |  4.4
Fighting       | |  3.0

Action                     |  1- 3 |  4- 6 |  7- 9 || total
---------------------------+-------+-------+-------++-------
  Melee: Unarmed           |    75 |   116 |       ||   191
         Mace              |       |    43 |    68 ||   111
         Flail             |       |       |    87 ||    87
 Invoke: Reject Sacrifices |       |       |     1 ||     1
  Evoke: Wand              |       |     1 |       ||     1
    Use: Scroll            |     7 |     2 |     2 ||    11
         Potion            |       |     3 |     3 ||     6
 Armour: Leather armour    |    11 |       |       ||    11
         Robe              |    37 |   109 |    91 ||   237
         Skin              |       |     3 |    10 ||    13
  Dodge: Dodged            |    52 |   122 |   116 ||   290
